 Dungeon Crawl Stone Soup version 0.28.0-47-ge53b351184 (webtiles) character file.

Game seed: 674871412966510075

100 Walross the Sneak (level 4, -5/34 HPs)
             Began as a Gnoll Wanderer on Apr 27, 2022.
             Was a Believer of Lugonu.
             Slain by Sigmund
             ... wielding a +2 vorpal scythe
              (6 damage)
             ... on level 3 of the Dungeon.
             The game lasted 00:16:14 (1888 turns).

Walross the Sneak (Gnoll Wanderer)                  Turns: 1888, Time: 00:16:14

Health: -5/34      AC:  5    Str: 15    XL:     4   Next: 74%
Magic:  10/11      EV: 10    Int: 17    God:    Lugonu [**....]
Gold:   98         SH:  0    Dex: 10    Spells: 12/13 levels left

rFire   . . .      SeeInvis .   a - +2 dagger
rCold   . . .      Faith    .   (no shield)
rNeg    . . .      Spirit   .   e - +0 ring mail
rPois   .          Reflect  .   (no helmet)
rElec   .          Harm     .   (no cloak)
rCorr   .          Rampage  .   (no gloves)
Will    .....                   (no boots)
Stlth   ++........              (no amulet)
HPRegen 0.11/turn               f - +6 ring of intelligence
MPRegen 0.12/turn               (no ring)

@: no status effects
A: fangs 1, strong nose, distributed training
a: Renounce Religion, Depart the Abyss, Bend Space


You were on level 3 of the Dungeon.
You worshipped Lugonu.
Lugonu was pleased with you.
You visited 1 branch of the dungeon, and saw 3 of its levels.

You collected 98 gold pieces.

Inventory:

Hand Weapons
 a - a +2 dagger (weapon)
 c - a +0 shortbow
 o - a +2 quarterstaff of chaos
Missiles
 d - 37 arrows
 k - 5 poisoned darts (quivered)
 l - 6 stones
Armour
 e - a +0 ring mail (worn)
 i - a +2 cloak
Magical Staves
 p - a staff of air
Jewellery
 f - a +6 ring of intelligence (left hand)
Scrolls
 g - a scroll of silence {unknown}
 h - 2 scrolls of identify {unknown}
 n - a scroll of fear {unknown}
Potions
 b - a potion of haste
 j - 2 potions of heal wounds {unknown}
 m - 2 potions of resistance {unknown}


   Skills:
 + Level 2.8 Fighting
 + Level 1.2 Short Blades
 + Level 1.2 Long Blades
 + Level 1.2 Axes
 + Level 1.2 Maces & Flails
 + Level 1.2 Polearms
 + Level 1.2 Staves
 + Level 1.2 Slings
 + Level 4.7 Bows
 + Level 1.2 Crossbows
 + Level 1.2 Throwing
 + Level 2.8 Armour
 + Level 1.2 Dodging
 + Level 6.1 Stealth
 + Level 1.2 Shields
 + Level 1.2 Unarmed Combat
 + Level 5.1 Spellcasting
 + Level 1.0 Conjurations
 + Level 1.0 Hexes
 + Level 1.0 Summonings
 + Level 1.0 Necromancy
 + Level 1.0 Translocations
 + Level 1.0 Transmutations
 + Level 1.0 Fire Magic
 + Level 1.0 Ice Magic
 + Level 1.0 Air Magic
 + Level 1.0 Earth Magic
 + Level 1.0 Poison Magic
 + Level 1.3 Invocations
 + Level 2.8 Evocations


You had 12 spell levels left.
You knew the following spells:

 Your Spells              Type           Power      Damage    Failure   Level
a - Shock                 Conj/Air       28%        1d4       19%         1

Your spell library contained the following spells:

 Spells                   Type           Power      Damage    Failure   Level
 Sting                    Tmut/Pois      28%        1d4       19%         1
 Poisonous Vapours        Pois/Air       14%        N/A       26%         2
 Swiftness                Air            7%         N/A       47%         3
 Airstrike                Air            3%         N/A       87%         4
 Olgreb's Toxic Radiance  Pois           7%         N/A       87%         4


Dungeon Overview and Level Annotations

Branches:
Dungeon (3/15)

Altars:
Ashenzari
Lugonu

Annotations:
D:3 Sigmund


Innate Abilities, Weirdness & Mutations

You have very sharp teeth.
Your uncanny sense of smell can sniff out nearby items.
Your experience applies equally to all skills.


Message History

Casting: Shock (safe; 19% risk of failure)
Confirm with . or Enter, or press ? or * to list all spells.
Aiming: Shock (safe; 19% risk of failure)
Press: ? - help, Shift-Dir - straight line, f - orc
Aim: an orc, wielding a +0 flail and wearing a +0 ring mail (72% to hit)
The zap hits the orc.
The orc is moderately wounded.
Casting: Shock (safe; 19% risk of failure)
Confirm with . or Enter, or press ? or * to list all spells.
Aiming: Shock (safe; 19% risk of failure)
Press: ? - help, Shift-Dir - straight line, f/p - orc
Aim: an orc, wielding a +0 flail and wearing a +0 ring mail (moderately wounded, 72% to hit)
The zap hits the orc.
The orc is severely wounded.
The zap hits something but does no damage.
The zap misses the orc.
The orc misses you.
You hit the orc.
The orc is severely wounded.
The orc closely misses you.
You hit the orc.
You kill the orc!
Lugonu accepts your kill.
You hit the orc.
The orc is lightly wounded.
The orc hits you but does no damage.
You hit the orc.
The orc is severely wounded.
Something hits you!
You hit the orc. Your bite misses the orc.
The orc is almost dead.
The orc closely misses you. Something hits you.
You closely miss the orc.
The orc is almost dead.
The orc completely misses you.
You closely miss the orc. You bite the orc, but do no damage.
The orc is almost dead.
The orc hits you with a +0 falchion. Something hits you!
Ouch! That really hurt!
* * * LOW HITPOINT WARNING * * *
You die...

... #..#
..#.......#..# ∆
..#.......#(.#
....._....?o# ∆
#.......#@.# ∆
#.......#..### #
..... #...<#
#?.####.####..###
#....@oo......#
#.########....#
######


You could see 2 orcs.

Vanquished Creatures
  Crazy Yiuf (D:2)
  An adder (D:2)
  A worm (D:2)
  5 dart slugs
  An orc (D:3)
  4 ball pythons
  2 bats (D:1)
  5 endoplasms
  A giant cockroach (D:1)
  2 goblins (D:1)
  4 hobgoblins
  6 jackals
  A quokka (D:1)
  4 frilled lizards (D:1)
  4 kobolds
  4 rats
46 creatures vanquished.

Vanquished Creatures (others)
  13 demonic plants (D:1)
13 creatures vanquished.

Grand Total: 59 creatures vanquished

Notes
Turn   | Place    | Note
-------+----------+-------------------------------------------
     0 | D:1      | Walross the Gnoll Wanderer began the quest for the Orb.
     0 | D:1      | Walross set off with the following items: a +2 dagger, a
                  | potion of haste, a +0 shortbow, 22 arrows, a +0 ring mail
     0 | D:1      | Reached XP level 1. HP: 17/17 MP: 6/6
   124 | D:1      | Reached XP level 2. HP: 16/23 MP: 7/7
   477 | D:1      | Found a faded altar of an unknown god.
   506 | D:1      | Prayed at the altar of an unknown god.
   506 | D:1      | Became a worshipper of Lugonu the Unformed
   506 | D:1      | Reached * piety under Lugonu
   506 | D:1      | Reached ** piety under Lugonu
   555 | D:1      | Reached XP level 3. HP: 21/28 MP: 9/9
   557 | D:1      | Reached skill level 5 in Spellcasting
   628 | D:1      | Reached skill level 6 in Stealth
   975 | D:1      | Reached skill level 1 in Invocations
  1095 | D:2      | Reached skill level 1 in Short Blades
  1095 | D:2      | Reached skill level 1 in Long Blades
  1095 | D:2      | Reached skill level 1 in Axes
  1095 | D:2      | Reached skill level 1 in Maces & Flails
  1095 | D:2      | Reached skill level 1 in Polearms
  1095 | D:2      | Reached skill level 1 in Staves
  1095 | D:2      | Reached skill level 1 in Slings
  1095 | D:2      | Reached skill level 1 in Crossbows
  1095 | D:2      | Reached skill level 1 in Throwing
  1095 | D:2      | Reached skill level 1 in Dodging
  1095 | D:2      | Reached skill level 1 in Shields
  1095 | D:2      | Reached skill level 1 in Unarmed Combat
  1122 | D:2      | Learned a level 1 spell: Shock
  1158 | D:2      | Reached XP level 4. HP: 14/34 MP: 6/11
  1187 | D:2      | Found a runed translucent door.
  1188 | D:2      | Noticed Crazy Yiuf
  1348 | D:2      | Killed Crazy Yiuf
  1436 | D:2      | Reached skill level 1 in Conjurations
  1436 | D:2      | Reached skill level 1 in Hexes
  1436 | D:2      | Reached skill level 1 in Summonings
  1436 | D:2      | Reached skill level 1 in Necromancy
  1436 | D:2      | Reached skill level 1 in Translocations
  1436 | D:2      | Reached skill level 1 in Transmutations
  1436 | D:2      | Reached skill level 1 in Fire Magic
  1436 | D:2      | Reached skill level 1 in Ice Magic
  1436 | D:2      | Reached skill level 1 in Air Magic
  1436 | D:2      | Reached skill level 1 in Earth Magic
  1436 | D:2      | Reached skill level 1 in Poison Magic
  1870 | D:3      | Noticed Sigmund
  1876 | D:3      | Found a broken altar of Ashenzari.
  1888 | D:3      | HP: 1/34 [something (17)]
  1888 | D:3      | Slain by Sigmund

Illustrated notes

Levels and vault maps discovered:
D:1:      lightli_arrival_maybe_door_vault, layout_loops_ring,
          shapermc_ecumenical_altar_flowoftime, minmay_small_reverse_x
D:2:      layout_rooms, uniq_crazy_yiuf_cottage
D:3:      layout_basic, old_standard_altar, mainiacjoe_overflow_boulevard,
          uniq_jessica, uniq_sigmund

Skill      XL: |  1  2  3  4 |
---------------+-------------+-----
Spellcasting   | 5 |  5.1
Stealth        | 6 |  6.1
Invocations    | 1 |  1.3
Short Blades   | 1 |  1.2
Long Blades    | 1 |  1.2
Axes           | 1 |  1.2
Maces & Flails | 1 |  1.2
Polearms       | 1 |  1.2
Staves         | 1 |  1.2
Slings         | 1 |  1.2
Crossbows      | 1 |  1.2
Throwing       | 1 |  1.2
Dodging        | 1 |  1.2
Shields        | 1 |  1.2
Unarmed Combat | 1 |  1.2
Conjurations   | 1 |  1.0
Hexes          | 1 |  1.0
Summonings     | 1 |  1.0
Necromancy     | 1 |  1.0
Translocations | 1 |  1.0
Transmutations | 1 |  1.0
Fire Magic     | 1 |  1.0
Ice Magic      | 1 |  1.0
Air Magic      | 1 |  1.0
Earth Magic    | 1 |  1.0
Poison Magic   | 1 |  1.0
Fighting       | |  2.8
Bows           | |  4.7
Armour         | |  2.8
Evocations     | |  2.8

Action                   |  1- 3 |  4- 6 || total
-------------------------+-------+-------++-------
Melee: Dagger            |   154 |    41 ||   195
       Bite              |    12 |     5 ||    17
       Punch             |     5 |       ||     5
 Cast: Shock             |     3 |     3 ||     6
 Stab: Sleeping          |     6 |     2 ||     8
Armor: Ring mail         |    66 |     7 ||    73
Dodge: Dodged            |    87 |    18 ||   105
